 Dungeon Crawl Stone Soup version 0.28-a0-1415-g7c84da036a (webtiles) character file.

Game seed: 3734251714242181139

205 Gildeon the Chopper (level 5, -1/67 HPs)
             Began as a Minotaur Fighter on Jan 7, 2022.
             Slain by Crazy Yiuf (3 damage)
             ... while petrified by Crazy Yiuf
             ... on level 3 of the Dungeon.
             The game lasted 00:04:31 (2466 turns).

Gildeon the Chopper (Minotaur Fighter)              Turns: 2466, Time: 00:04:31

Health: -1/67      AC: 12    Str: 23    XL:     5   Next: 52%
Magic:  4/4        EV:  5    Int:  5    God:
Gold:   59         SH:  0    Dex:  9    Spells: 4/4 levels left

rFire   . . .      SeeInvis .   (weapon currently unavailable)
rCold   . . .      Faith    .   (shield currently unavailable)
rNeg    + + +      Spirit   .   (armour currently unavailable)
rPois   ∞          Reflect  .   (helmet currently unavailable)
rElec   .          Harm     .   (cloak currently unavailable)
rCorr   .          Rampage  .   (gloves currently unavailable)
Will    .....                   (boots currently unavailable)
Stlth   ..........              (no amulet)
HPRegen 0.21/turn               o - ring of flight
MPRegen 0.09/turn               (no ring)

@: agile, berserking, fungus-form, petrified, flying, slowed
A: melee confuse, terrified, no casting, tiny, (horns 2), (retaliatory headbutt)
a: no special abilities


You were on level 3 of the Dungeon.
You were a sentient fungus.
You visited 1 branch of the dungeon, and saw 3 of its levels.

You collected 59 gold pieces.

Inventory:

Hand Weapons
 a - a +0 war axe
 l - a +0 spear of venom
 n - the +1 hand axe "Waexkes" (melded) {speed, Dex+3}
   (You found it on level 2 of the Dungeon)

   Attacks with this weapon are significantly faster.
   Dex:       It affects your dexterity (+3).
Missiles
 b - a throwing net (quivered)
Armour
 c - a +0 buckler (melded)
 k - a +0 chain mail (melded)
Jewellery
 o - a ring of flight (left hypha)
 p - a +4 ring of protection
Scrolls
 e - a scroll of vulnerability {unknown}
 g - 3 scrolls of fog {unknown}
 h - a scroll of immolation {unknown}
 j - 3 scrolls of noise {unknown}
Potions
 d - 2 potions of might
 f - 2 potions of resistance {unknown}
 i - a potion of curing {unknown}
 m - a potion of cancellation {unknown}
 q - a potion of lignification {unknown}
 r - a potion of haste


   Skills:
 - Level 3.6 Fighting
 + Level 7.1 Axes
 - Level 3.6 Armour
 - Level 3.6 Shields


You had 4 spell levels left.
You didn't know any spells.
Your spell library contained the following spells:

 Spells                   Type           Power      Damage    Failure   Level
 Stone Arrow              Conj/Erth      0%         3d7       85%         3
 Animate Armour           Summ/Erth      0%         N/A       99%         4
 Lehudib's Crystal Spear  Conj/Erth      0%         10d2      100%        8
 Chain Lightning          Conj/Air       0%         N/A       100%        9
 Fire Storm               Conj/Fire      0%         5d1       100%        9
 Shatter                  Erth           0%         3d5*      100%        9


Dungeon Overview and Level Annotations

Branches:
Dungeon (3/15)

Altars:
Sif Muna

Annotations:
D:3 Crazy Yiuf


Innate Abilities, Weirdness & Mutations

You are a sentient fungus.
You are tiny and evasive.
Your melee attack releases spores that confuse breathing creatures.
You become terrified and freeze when enemies are visible.
You are immune to poison.
Your armour is entirely melded.
You are incapable of wielding weapons or throwing items.
You cannot cast spells.
((You have a pair of horns on your head.))
((You reflexively headbutt those who attack you in melee.))


Message History

Crazy Yiuf laughs, "Tonal toodlewoodle broken!"
Crazy Yiuf hits you with a +2 quarterstaff of chaos!
You are slowing down.
Unknown command.
You hit Crazy Yiuf.
Crazy Yiuf is heavily wounded.
You block Crazy Yiuf's attack.
You slash Crazy Yiuf!
Crazy Yiuf is almost dead.
Your limbs are stiffening.
You barely miss Crazy Yiuf. Your headbutt misses Crazy Yiuf.
Crazy Yiuf is almost dead.
Crazy Yiuf hits you with a +2 quarterstaff of chaos!
You turn into a sentient fungus.
The +1 hand axe "Waexkes" {speed, Dex+3} melds into your body.
Your +0 buckler melds into your body.
Your +0 chain mail melds into your body.
Crazy Yiuf says, "Paint!
Castle down down."
Crazy Yiuf drinks a potion.
Crazy Yiuf is healed!
You have turned to stone.
Crazy Yiuf screams, "Ten King broken!"
Crazy Yiuf hits you with a +2 quarterstaff of chaos!
Crazy Yiuf freezes you!
Crazy Yiuf screams, "Mugger!
Buddy Xom fast."
Crazy Yiuf hits you with a +2 quarterstaff of chaos!
* * * LOW HITPOINT WARNING * * *
You feel yourself slow down.
Crazy Yiuf hits you with a +2 quarterstaff of chaos.
* * * LOW HITPOINT WARNING * * *
Crazy Yiuf burns you.
Crazy Yiuf hits you with a +2 quarterstaff of chaos!
* * * LOW HITPOINT WARNING * * *
A red film seems to cover your vision as you go berserk!
You feel yourself moving faster!
You feel mighty!
Crazy Yiuf hits you with a +2 quarterstaff of chaos!
* * * LOW HITPOINT WARNING * * *
You feel agile all of a sudden.
Crazy Yiuf hits you with a +2 quarterstaff of chaos.
Crazy Yiuf freezes you.
Crazy Yiuf hits you with a +2 quarterstaff of chaos.
You die...

#.# #.# #.#.#..##.....†##.#
#.###.###.#.#...#......##.#######
†)..............†......'.........
#.###.###################...#####
....#.# #........ .####.####♣♣♣♣♣
#..###.#. .(....##....♣.♣♣♣ ###
#..# #.#. ....###......♣..♣#...#
##.###.#. #...........♣♣♣♣fg...#
#.....#. #.#...#....♣♣ ♣♣#..)#
###.###### #+###.####♣♣ ### ....
..#. ......# ##..###.#. ......#
##.# #.#. ......# #.###.#.
......### #....... ..........
#.###### ......#### #.#


You could see Crazy Yiuf.

Vanquished Creatures
  Natasha (twice) (D:3)
  5 adders
  3 gnolls (D:2)
  3 dart slugs
  An orc (D:3)
  6 ball pythons
  9 endoplasms
  3 giant cockroaches
  6 goblins
  3 hobgoblins (D:2)
  4 jackals (D:2)
  9 kobolds
  5 quokkas
  7 bats
  5 frilled lizards (D:1)
  4 rats
75 creatures vanquished.

Notes
Turn   | Place    | Note
-------+----------+-------------------------------------------
     0 | D:1      | Gildeon the Minotaur Fighter began the quest for the Orb.
     0 | D:1      | Reached XP level 1. HP: 19/19 MP: 0/0
    97 | D:1      | Reached skill level 3 in Axes
   104 | D:1      | Reached XP level 2. HP: 24/26 MP: 1/1
   390 | D:1      | Reached skill level 4 in Axes
   533 | D:1      | Reached XP level 3. HP: 31/31 MP: 2/2
  1129 | D:2      | Reached skill level 5 in Axes
  1163 | D:2      | Found a faded altar of an unknown god.
  1248 | D:2      | Reached XP level 4. HP: 39/39 MP: 3/3
  1808 | D:2      | Noticed a gnoll sergeant
  1809 | D:2      | Identified the +1 hand axe "Waexkes" {speed, Dex+3}
  1809 | D:2      | Found the +8 woodcutter's axe {vorpal}
  1814 | D:2      | Reached skill level 6 in Axes
  1842 | D:3      | Found a shimmering blue altar of Sif Muna.
  2129 | D:3      | Noticed Natasha
  2133 | D:3      | Killed Natasha
  2134 | D:3      | Reached XP level 5. HP: 33/45 MP: 4/4
  2218 | D:3      | Noticed Natasha
  2229 | D:3      | Killed Natasha
  2415 | D:3      | Reached skill level 7 in Axes
  2451 | D:3      | Found a runed translucent door.
  2452 | D:3      | Noticed Crazy Yiuf
  2464 | D:3      | HP: 1/67 [Crazy Yiuf (4)]
  2466 | D:3      | Slain by Crazy Yiuf

Illustrated notes

Levels and vault maps discovered:
D:1:      ebering_hopf_link, layout_basic, minmay_split_cup_large
D:2:      layout_loops_cross, chequers_ecumenical_altar_island,
          chequers_serial_rivers_micro_d, pf_guarded_unrand_woodcutter
D:3:      layout_basic, general_overflow_altar, minmay_misc_feat_cross,
          uniq_terence, uniq_crazy_yiuf_cottage, uniq_natasha

Skill      XL: |  1  2  3  4  5 |
---------------+----------------+-----
Axes           | 3 4 5 6 7 |  7.1
Fighting       | |  3.6
Armour         | |  3.6
Shields        | |  3.6

Action                   |  1- 3 |  4- 6 || total
-------------------------+-------+-------++-------
Melee: War axe           |    97 |    36 ||   133
       Headbutt          |    12 |    12 ||    24
       Hand axe          |       |    48 ||    48
Armor: Scale mail        |    45 |       ||    45
       Chain mail        |    27 |    25 ||    52
Dodge: Dodged            |    57 |    20 ||    77
Block: Buckler           |    16 |    17 ||    33

Table legend: (Time is in decaauts)
 A = Elapsed time spent in this place.
 B = Non-inter-level travel time spent in this place.
 C = Inter-level travel time spent in this place.
 D = Time resting spent in this place.
 E = Time spent auto-exploring this place.
 F = Levels seen in this place.
 G = Mean time per level.
                   A        B        C        D        E       F      G
               +--------+--------+--------+--------+--------+-----+--------+
         Total |   2493 |   2482 |     11 |    191 |   1767 |   3 |  831.0 |
       Dungeon |   2493 |   2482 |     11 |    191 |   1767 |   3 |  831.0 |
               +--------+--------+--------+--------+--------+-----+--------+

Top non-repeatable levels by time:
     D:2: 947 daAuts
     D:1: 938 daAuts
     D:3: 607 daAuts
